 Dungeon Crawl Stone Soup version 0.18-a0-1799-g6250cb2 (webtiles) character file.

357143 nono the Tortoise (level 23, -11/211 HPs)
             Began as a Halfling Fighter on Apr 22, 2016.
             Was the Champion of Dithmenos.
             Shot with a bolt by a vault warden (31 damage)
             ... on level 5 of the Vaults on Apr 23, 2016.
             The game lasted 04:01:24 (44181 turns).

nono the Tortoise (Halfling Fighter)               Turns: 44181, Time: 04:01:25

Health: -11/211    AC: 31    Str: 21    XL:     23   Next: 75%
Magic:  23/23      EV: 33    Int: 15    God:    Dithmenos [******]
Gold:   2916       SH: 18    Dex: 28    Spells: 0 memorised, 22 levels left

rFire  + . .     SeeInvis .     b - +8 autumn katana {slice, Clar}
rCold  + . .     Gourm    .     B - +5 scale mail {rF+}
rNeg   + . .     Faith    .     c - +0 shield {AC+3}
rPois  .         Spirit   .     q - +2 helmet {Int+3}
rElec  .         Dismiss  .     R - +2 cloak
rCorr  .         Reflect  .     Q - +1 pair of gloves
SustAt .         Harm     .     v - +0 pair of boots
MR     +....     Clarity  +     y - amulet of rage
Stlth  ..........               S - ring "Xusiwniu" {rN+ Int+5 Dex+4}
                                O - ring of protection from cold

@: berserking (expiring), very slightly contaminated, wreathed by umbra,
invisible, very quick, somewhat resistant to hostile enchantments, extremely
unstealthy
A: mutation resistance 1
a: Shadow Step, Shadow Form, Renounce Religion, Evoke Berserk Rage
}: 1/15 runes: barnacled


You were on level 5 of the Vaults.
You worshipped Dithmenos.
Dithmenos was exalted by your worship.
You were not hungry.

You visited 8 branches of the dungeon, and saw 39 of its levels.

You collected 4671 gold pieces.
You spent 1755 gold pieces at shops.

Inventory:

Hand Weapons
 a - the +9 dagger of Gubezofa {venom, Dex+3 SInv}
   (You found it on level 7 of the Dungeon)

   It poisons the flesh of those it strikes.
   It affects your dexterity (+3).
   It lets you see invisible.
 b - the +8 autumn katana (weapon) {slice, Clar}
   (You bought it in a shop on level 5 of the Dungeon)

   It inflicts extra damage upon your enemies.
   It protects you against confusion.
Armour
 c - a +0 shield of protection (worn)
 q - a +2 helmet of intelligence (worn)
 v - a +0 pair of boots (worn)
 B - a +5 scale mail of fire resistance (worn)
 D - a +0 cloak of invisibility
 K - the +4 ring mail of the Big Bang {rPois}
   (You bought it in a shop on level 11 of the Dungeon)

   It protects you from poison.
 Q - a +1 pair of gloves (worn)
 R - a +2 cloak (worn)
Jewellery
 l - an uncursed amulet of dismissal
 n - an uncursed amulet of regeneration
 s - an uncursed ring of sustain attributes
 t - an uncursed ring of fire
 w - a +2 amulet of reflection
 y - an amulet of rage (around neck)
 O - a ring of protection from cold (left hand)
 S - the ring "Xusiwniu" (right hand) {rN+ Int+5 Dex+4}
   (You found it on level 7 of the Dungeon)

   [ring of dexterity]

   It affects your intelligence (+5).
   It affects your dexterity (+4).
   It protects you from negative energy.
 V - an uncursed ring of flight
Wands
 x - a wand of acid (3/15)
 A - a wand of heal wounds (3/9)
 G - a wand of teleportation (4/9)
 I - a wand of digging (8/24)
 T - a wand of iceblast (8/15)
 Y - a wand of teleportation (4/9)
 Z - a wand of heal wounds (7/9)
Scrolls
 d - 3 scrolls of teleportation
 g - 11 scrolls of remove curse
 k - 9 scrolls of enchant weapon
 m - 6 scrolls of magic mapping
 p - 2 scrolls of fog
 u - 7 scrolls of identify
 H - a scroll of recharging
 L - 4 scrolls of fear
 N - 5 scrolls of enchant armour
 U - 4 scrolls of blinking
Potions
 j - 2 potions of cancellation
 o - 3 potions of cure mutation
 z - 6 potions of flight
 C - 2 potions of haste
 E - 16 potions of curing
 F - 7 potions of heal wounds
 J - a potion of might
 M - a potion of resistance
 P - a potion of ambrosia
 W - 2 potions of berserk rage
Comestibles
 f - 16 bread rations
 h - 14 meat rations
 r - 22 fruits
 X - 3 royal jellies


   Skills:
 - Level 7.4 Fighting
 - Level 8.3(16.0) Short Blades
 + Level 16.9(17.3) Long Blades
 + Level 19.3 Armour
 + Level 18.5 Dodging
 + Level 16.7 Stealth
 + Level 19.3 Shields


You had 22 spell levels left.
You didn't know any spells.

Dungeon Overview and Level Annotations

Branches:
Dungeon (15/15)            Temple (1/1) D:6            Lair (8/8) D:10
 Shoals (4/4) Lair:6        Snake (0/4) Lair:6        Slime (0/6) Lair:8
    Orc (2/2) D:12            Elf (1/3) Orc:2        Vaults (5/5) D:13
  Crypt (3/3) Vaults:3       Tomb (0/3) Crypt:3      Depths (0/5) D:15

Altars:
Ashenzari
Cheibriados
Dithmenos
Elyvilon
Fedhas
Gozag
Kikubaaqudgha
Makhleb
Nemelex Xobeh
Okawaru
Pakellas
Qazlal
Ru
Sif Muna
Trog
Vehumet
Xom
Yredelemnul
Zin
The Shining One
Beogh

Shops:
D:5 (   D:11 [   Orc:1 %   Orc:2 *(!([

Annotations:
D:7 1 runed door


Innate Abilities, Weirdness & Mutations

You are small and have problems with some larger weapons.
You are somewhat resistant to further mutation.


Message History

The blast of cold hits the deep elf high priest.
The storm dragon roars!
You hear a horrible gurgling sound!
You slice the vault guard!!
The vault guard is almost dead.
The storm dragon roars! x2
The moth of wrath misses you. The vault guard completely misses you.
The deep elf archer shoots an arrow.
You block the arrow.
The titan waves its arms in wide circles.
The air twists around and strikes you!
* * * LOW HITPOINT WARNING * * *
The vault guard barely misses you.
You slice the vault guard!!
You kill the vault guard!
Dithmenos accepts your kill.
The storm dragon roars!
You hear a shout!
The deep elf high priest drinks a potion.
The deep elf high priest is healed!
The vault guard completely misses you. You block the vault guard's attack.
The vault guard misses you.
The vault warden shoots a bolt.
The bolt hits you!!
You die...

#.)..#..# .
#....#..# ..
#...D#..###
...#....#Q...
........pQ..
##.....DDe#####
.....DCppC....[
....<.y@p......
.....<<)p...o..
........D......
##........#####
c..........
p..#....#...
#.e#....#..##
#. #....#...


You could see a titan, a golden dragon, 2 storm dragons, a fire giant, a fire
dragon (wandering), an ice dragon, 2 vault wardens, 2 tengu reavers, a yaktaur
captain, 4 vault guards, an orc knight, a deep elf archer, a moth of wrath
shaped shifter and a deep elf high priest.

Vanquished Creatures
  An ancient lich (Crypt:3)
  A bone dragon (Crypt:3)
  Jory (Crypt:1)
  2 liches (Crypt:3)
  A tentacled monstrosity (Vaults:5)
  A kraken (Shoals:4)
  2 sphinxes
  A tengu reaver (Vaults:4)
  Maud (Orc:2)
  2 revenants
  Ilsuiw (Shoals:4)
  11 vault wardens
  A fire giant (D:12)
  5 ghouls
  A curse skull (Crypt:2)
  16 ironheart preservers
  4 war gargoyles (Crypt:3)
  6 stone giants
  6 very ugly things
  2 vampire knights (Crypt:3)
  A deep elf demonologist (Vaults:4)
  Nessos (D:12)
  2 salamander stormcallers
  Azrael (D:12)
  The ghost of M4edhros the Covert, a journeyman OpAr of Fedhas (D:13)
  3 eidola
  A merfolk javelineer (Shoals:4)
  2 ettins
  3 crystal guardians (Crypt:3)
  2 deep elf death magi
  A minotaur (shapeshifter) (Vaults:3)
  2 quicksilver dragon zombies (Crypt:3)
  33 vault guards
  12 merfolk impalers
  2 ice dragons
  17 jiangshi
  6 yaktaur captains
  Harold (D:12)
  12 hydras
  A great orb of eyes (Vaults:1)
  2 rakshasas (Vaults:1)
  13 ogre magi
  2 alligator snapping turtles (Shoals:3)
  2 catoblepae
  A merfolk avatar (Shoals:4)
  A satyr (Shoals:3)
  2 death knights (Crypt:2)
  9 centaur warriors
  4 merfolk aquamancers
  A deep troll shaman (Vaults:3)
  A tengu warrior (D:15)
  7 vampire magi
  5 dancing weapons (Crypt:3)
  14 death yaks
  2 deep troll earth magi (Vaults:3)
  5 orc high priests (Orc:2)
  A titan zombie (D:12)
  A shock serpent (shapeshifter) (Vaults:2)
  Sonja (Lair:4)
  3 soul eaters
  5 deep elf knights
  A fire crab (Vaults:4)
  A shadow wraith (Vaults:4)
  7 hell knights
  8 deep trolls
  A golden dragon zombie (Crypt:3)
  2 wizards
  5 sea snakes
  5 unseen horrors
  2 giant orange brains (Vaults:3)
  23 skeletal warriors
  2 flayed ghosts
  A storm dragon skeleton (Crypt:3)
  6 phantasmal warriors
  4 deep elf archers (Vaults:4)
  24 hill giants
  13 ironbrand convokers
  The ghost of M4edhros the Martial Artist, a novice OpNe of Cheibriados (D:9)
  23 harpies
  15 orc knights
  3 orc sorcerers
  9 necromancers
  16 griffons
  3 fauns
  3 wolf spiders
  17 deep elf magi
  2 shadow dragon zombies
  33 ugly things
  6 salamanders
  A shining eye (shapeshifter) (Vaults:3)
  Joseph (D:7)
  12 cyclopes
  13 elephants
  A hornet (Vaults:3)
  7 sirens
  2 fire giant skeletons
  2 centaur zombies
  5 manticores
  A frost giant skeleton (Crypt:3)
  A water nymph (shapeshifter) (D:15)
  A torpor snail (shapeshifter) (Vaults:5)
  5 water nymphs
  A gargoyle (D:13)
  13 black mambas
  15 spiny frogs
  17 vault sentinels
  A spiny frog (shapeshifter) (Vaults:4)
  A dire elephant skeleton (Crypt:1)
  A torpor snail (Lair:7)
  4 freezing wraiths
  17 yaktaurs
  A purple draconian zombie (Crypt:1)
  A kobold demonologist (D:14)
  An efreet (D:14)
  5 rime drakes
  2 human zombies
  11 komodo dragons
  A tengu conjurer (D:15)
  A harpy zombie (Crypt:1)
  A black draconian skeleton (Crypt:1)
  A harpy skeleton (Crypt:3)
  6 trolls
  A jumping spider (Vaults:4)
  A wind drake (Shoals:4)
  A polar bear (Lair:8)
  14 merfolk
  19 two-headed ogres
  2 fire dragon zombies
  11 slime creatures (Vaults:1)
  A snapping turtle (shapeshifter) (Vaults:3)
  An ice dragon zombie (Vaults:1)
  41 blink frogs
  5 boulder beetles
  7 snapping turtles
  2 frost giant simulacra
  An alligator zombie (Crypt:3)
  An ettin zombie (Crypt:3)
  26 flying skulls
  An ice dragon skeleton (Crypt:3)
  A shadow (Crypt:1)
  80 yaks
  A salamander simulacrum (Vaults:1)
  The ghost of Tarnath the Chiller, an amateur GrIE of Vehumet (D:4)
  2 hill giant zombies (D:12)
  3 redbacks (Vaults:4)
  12 water elementals
  7 wraiths
  A fire dragon skeleton (Crypt:3)
  A yak (shapeshifter) (Vaults:4)
  5 humans (D:11)
  A tarantella (Vaults:4)
  2 vampires
  5 wyverns
  A black mamba skeleton (Crypt:3)
  2 basilisks (Lair:8)
  4 fire elementals (D:12)
  A hog (shapeshifter) (Vaults:4)
  4 hippogriffs
  4 hungry ghosts
  2 vampire mosquitoes (Vaults:2)
  6 wargs
  26 water moccasins
  3 hell hounds (D:12)
  Edmund (D:5)
  13 porcupines
  A swamp drake (D:12)
  A giant eyeball (shapeshifter) (Vaults:4)
  3 sky beasts
  An ettin simulacrum (Crypt:1)
  An eye of draining (shapeshifter) (Vaults:3)
  5 ice beasts
  A spiny frog zombie (Crypt:3)
  A swamp dragon zombie (Crypt:1)
  42 orc warriors
  A black bear (D:9)
  3 phantoms
  54 ogres
  3 necrophages
  An anubis guard zombie (Crypt:1)
  5 eyes of draining
  12 centaurs
  A snapping turtle skeleton (Crypt:3)
  9 wolves
  11 crocodiles
  6 big kobolds
  20 giant frogs
  An elf skeleton (Crypt:2)
  An elf zombie (Crypt:2)
  A wyvern skeleton (D:10)
  A cyclops zombie (D:12)
  3 scorpions
  A boulder beetle zombie (Vaults:1)
  2 raiju zombies (Crypt:2)
  9 killer bees
  A manticore simulacrum (Crypt:3)
  2 human simulacra (Vaults:1)
  4 wights (D:8)
  An electric eel (Lair:5)
  9 howler monkeys
  8 crimson imps
  5 giant frog zombies
  3 centaur skeletons
  6 hounds
  A quasit (D:15)
  3 giant frog skeletons
  32 orc priests
  15 jellies
  24 orc wizards
  Crazy Yiuf (D:7)
  Jessica (D:2)
  Terence (D:3)
  A demonspawn skeleton (Crypt:1)
  11 iguanas
  Natasha (thrice) (D:3)
  12 worker ants
  42 sheep
  A mottled dragon skeleton (Crypt:2)
  A hound zombie (D:9)
  A naga skeleton (Crypt:2)
  3 hound skeletons
  2 howler monkey zombies
  3 gnolls (D:5)
  11 adders
  2 howler monkey skeletons
  31 river rats
  5 shadow imps
  12 white imps
  An ooze (Lair:8)
  An adder zombie (D:8)
  An adder skeleton (D:8)
  4 worms
  A worm zombie (Crypt:1)
  3 dart slugs
  3 giant geckos
  108 orcs
  10 giant cockroaches
  5 goblins
  11 hobgoblins
  5 jackals
  A quokka (D:5)
  2 ball pythons
  9 bats
  11 giant newts
  27 kobolds
  A quokka skeleton (D:5)
  12 rats
  A lost soul (Crypt:3)
  A plant (Shoals:3)
  4 tentacles (Shoals:4)
1646 creatures vanquished.

Vanquished Creatures (others)
  A merfolk javelineer (Shoals:4)
  A vault guard (Vaults:4)
  A merfolk impaler (Shoals:4)
  A centaur warrior (Vaults:4)
  A merfolk aquamancer (Shoals:4)
  The ghost of slayr the Destroyer, a novice DEFE (D:6)
  A yaktaur (Vaults:1)
  An orc wizard (Orc:2)
  8 bushes (Lair:8)
  8 fungi
  7 lost souls
  10 plants
  8 tentacles (Shoals:4)
  445 tentacle segments (Shoals:4)
494 creatures vanquished.

Grand Total: 2140 creatures vanquished

Notes
Turn   | Place    | Note
--------------------------------------------------------------
     0 | D:1      | nono the Halfling Fighter began the quest for the Orb.
     0 | D:1      | Reached XP level 1. HP: 15/15 MP: 1/1
   169 | D:1      | Reached XP level 2. HP: 19/20 MP: 2/2
   323 | D:1      | Reached XP level 3. HP: 24/25 MP: 3/3
  1112 | D:2      | Noticed Jessica
  1134 | D:2      | Killed Jessica
  1134 | D:2      | Reached XP level 4. HP: 27/30 MP: 4/4
  1537 | D:2      | Reached XP level 5. HP: 25/35 MP: 5/5
  1540 | D:2      | Found an opulent altar of Gozag.
  2293 | D:3      | Noticed Natasha
  2315 | D:3      | Killed Natasha
  2526 | D:3      | Found an ancient bone altar of Kikubaaqudgha.
  2528 | D:3      | Noticed Natasha
  2539 | D:3      | Killed Natasha
  2539 | D:3      | Reached XP level 6. HP: 28/41 MP: 6/6
  2653 | D:3      | Noticed Natasha
  2660 | D:3      | Killed Natasha
  2660 | D:3      | Reached skill level 5 in Short Blades
  2660 | D:3      | Reached skill level 5 in Armour
  2677 | D:3      | Noticed Terence
  2703 | D:3      | Killed Terence
  3048 | D:4      | Reached skill level 1 in Dodging
  3048 | D:4      | Reached skill level 5 in Shields
  3063 | D:4      | Reached XP level 7. HP: 45/45 MP: 7/7
  3119 | D:4      | Noticed Tarnath's ghost (amateur GrIE)
  3126 | D:4      | Killed Tarnath's ghost
  3621 | D:4      | Reached XP level 8. HP: 48/51 MP: 8/8
  3667 | D:5      | Entered Level 5 of the Dungeon
  4061 | D:5      | Found Oquemioh's Weapon Shoppe.
  4200 | D:5      | Noticed Edmund
  4224 | D:5      | Killed Edmund
  4224 | D:5      | Reached skill level 1 in Long Blades
  4487 | D:6      | Reached XP level 9. HP: 55/55 MP: 9/9
  4570 | D:6      | Found a staircase to the Ecumenical Temple.
  4601 | Temple   | Entered the Ecumenical Temple
  4742 | D:6      | Found a stormy altar of Qazlal.
  4906 | D:6      | Reached skill level 5 in Dodging
  5179 | D:6      | Noticed slayr's ghost (novice DEFE)
  5306 | D:6      | Killed slayr's ghost
  5869 | D:7      | Found a runed door.
  5895 | D:7      | Noticed Joseph
  5945 | D:7      | Killed Joseph
  6139 | D:7      | Found a shattered altar of Ashenzari.
  6144 | D:7      | Found a shadowy altar of Dithmenos.
  6145 | D:7      | Found a radiant altar of Vehumet.
  6147 | D:7      | Found an oddly glowing altar of Pakellas.
  6148 | D:7      | Found a snail-covered altar of Cheibriados.
  6150 | D:7      | Found a white marble altar of Elyvilon.
  6158 | D:7      | Became a worshipper of Dithmenos the Shadowed
  6283 | D:7      | Noticed Crazy Yiuf
  6294 | D:7      | Killed Crazy Yiuf
  6294 | D:7      | Reached XP level 10. HP: 60/61 MP: 10/10
  6655 | D:7      | Got an encrusted dagger
  6656 | D:7      | Identified the +9 dagger of Gubezofa {venom, Dex+3 SInv} (You found it on level 7 of the Dungeon)
  6779 | D:7      | Found a runed door.
  6821 | D:7      | Got a faintly glowing bronze ring
  6822 | D:7      | Identified the ring "Xusiwniu" {rN+ Int+5 Dex+4} (You found it on level 7 of the Dungeon)
  7512 | D:8      | Reached * piety under Dithmenos
  7604 | D:8      | Reached skill level 5 in Long Blades
  7749 | D:8      | Found a bloodstained altar of Trog.
  7750 | D:8      | Found an iron altar of Okawaru.
  7935 | D:8      | Noticed a three-headed hydra
  7960 | D:8      | Killed a three-headed hydra
  8176 | D:9      | Reached XP level 11. HP: 59/66 MP: 11/11
  8230 | D:9      | Noticed M4edhros's ghost (novice OpNe)
  8252 | D:9      | Killed M4edhros's ghost
  8294 | D:9      | Reached ** piety under Dithmenos
  8337 | D:9      | Reached skill level 10 in Armour
  8345 | D:9      | Reached skill level 10 in Shields
  8419 | D:9      | Found a glowing golden altar of the Shining One.
  8958 | D:10     | Entered Level 10 of the Dungeon
  9034 | D:10     | Found a staircase to the Lair.
  9376 | D:10     | Noticed a brown ugly thing
  9405 | Lair:1   | Entered Level 1 of the Lair of Beasts
  9593 | Lair:1   | Reached *** piety under Dithmenos
  9702 | D:10     | Killed a brown ugly thing
  9877 | Lair:1   | Reached XP level 12. HP: 72/72 MP: 12/12
 10029 | Lair:1   | Reached skill level 10 in Dodging
 10388 | Lair:2   | Noticed a six-headed hydra
 10859 | Lair:2   | Killed a six-headed hydra
 11181 | Lair:2   | Reached skill level 1 in Stealth
 11379 | Lair:3   | Reached **** piety under Dithmenos
 11440 | Lair:3   | Reached skill level 5 in Stealth
 11597 | Lair:3   | Reached XP level 13. HP: 76/76 MP: 13/13
 12345 | Lair:4   | Found a frozen archway.
 12459 | Lair:4   | Noticed Sonja
 12547 | Lair:4   | Killed Sonja
 12613 | Lair:4   | Noticed a six-headed hydra
 12620 | Lair:4   | Killed a six-headed hydra
 12653 | Lair:4   | Reached ***** piety under Dithmenos
 12662 | Lair:4   | Noticed a six-headed hydra
 12669 | Lair:4   | Killed a six-headed hydra
 12991 | Lair:4   | Noticed a six-headed hydra
 13004 | Lair:4   | Killed a six-headed hydra
 13032 | Lair:4   | Reached skill level 10 in Stealth
 14347 | Lair:6   | Found a staircase to the Snake Pit.
 14377 | Lair:6   | Found a staircase to the Shoals.
 14382 | Lair:6   | Reached XP level 14. HP: 81/81 MP: 14/14
 14664 | Lair:6   | Reached skill level 10 in Long Blades
 15861 | Lair:7   | Found a snail-covered altar of Cheibriados.
 16070 | Lair:8   | Entered Level 8 of the Lair of Beasts
 16096 | Lair:8   | Found a staircase to the Slime Pits.
 16541 | Lair:8   | Reached ****** piety under Dithmenos
 16880 | Lair:8   | Reached XP level 15. HP: 62/86 MP: 10/15
 18343 | D:5      | Bought the +8 autumn katana {slice, Clar} for 730 gold pieces
 18841 | D:11     | Found Ysoon's Antique Armour Shop.
 19244 | D:11     | Reached skill level 5 in Fighting
 19898 | D:11     | Identified the Compendium of the Frostbite and the Mountains (You found it on level 11 of the Dungeon)
 20398 | D:12     | Reached XP level 16. HP: 83/103 MP: 16/16
 20682 | D:12     | Noticed Azrael
 20731 | D:12     | Killed Azrael
 20771 | D:12     | Noticed Harold
 20789 | D:12     | Killed Harold
 20966 | D:12     | Found a staircase to the Orcish Mines.
 20969 | D:12     | Noticed Nessos
 20987 | D:12     | Killed Nessos
 21201 | Orc:1    | Entered Level 1 of the Orcish Mines
 21366 | Orc:2    | Entered Level 2 of the Orcish Mines
 21401 | Orc:2    | Found a staircase to the Elven Halls.
 21407 | Orc:2    | Found Keikumm's General Store.
 21417 | Orc:2    | Bought a potion of heal wounds for 85 gold pieces
 21803 | Orc:1    | Noticed Maud
 21869 | Orc:2    | Killed Maud
 22017 | Elf:1    | Entered Level 1 of the Elven Halls
 22103 | Orc:1    | Found Doeclon's Food Emporium.
 22660 | Orc:2    | Found a roughly hewn altar of Beogh.
 23496 | Orc:2    | Found Mifufel's Antique Weapon Shop.
 23498 | Orc:2    | Found Duetoej's Armour Shop.
 23498 | Orc:2    | Found Pyrhujyu's Antique Weapon Boutique.
 23499 | Orc:2    | Found Raebbyps's Distillery.
 23509 | Orc:2    | Bought a potion of resistance for 140 gold pieces
 23509 | Orc:2    | Bought a potion of might for 56 gold pieces
 23509 | Orc:2    | Bought a potion of might for 56 gold pieces
 23779 | D:11     | Bought a smelly ring mail for 288 gold pieces
 23779 | D:11     | Bought a faintly humming ring mail for 288 gold pieces
 23794 | D:11     | Identified the +4 ring mail of the Big Bang {rPois} (You bought it in a shop on level 11 of the Dungeon)
 23822 | D:11     | Identified the cursed +1 ring mail of the Abyss {*Confuse rC- rN+++ Slay+5} (You bought it in a shop on level 11 of the Dungeon)
 23849 | D:11     | Reached XP level 17. HP: 108/108 MP: 17/17
 24208 | D:12     | Found an oddly glowing altar of Pakellas.
 25145 | D:13     | Noticed M4edhros's ghost (journeyman OpAr)
 25163 | D:13     | Killed M4edhros's ghost
 25220 | D:13     | Found a gate to the Vaults.
 25223 | D:13     | Reached XP level 18. HP: 114/114 MP: 9/18
 25507 | D:13     | Got a pair of transparent gloves
 25518 | D:13     | Identified the +3 pair of gloves "Ucvosasi" {-Tele rC+ rN+ Stlth+} (You found it on level 13 of the Dungeon)
 26109 | D:14     | Found a sacrificial altar of Ru.
 26512 | D:15     | Entered Level 15 of the Dungeon
 26808 | D:15     | Found a staircase to the Depths.
 26840 | D:15     | Identified the Volume of Confrontation (You found it on level 15 of the Dungeon)
 27934 | Orc:2    | Bought a potion of invisibility for 112 gold pieces
 28305 | Shoals:1 | Entered Level 1 of the Shoals
 28412 | Shoals:1 | Reached skill level 15 in Armour
 28457 | Shoals:1 | Reached skill level 15 in Shields
 29885 | Shoals:4 | Entered Level 4 of the Shoals
 30098 | Shoals:4 | Reached XP level 19. HP: 92/119 MP: 19/19
 30900 | Shoals:4 | Got a barnacled rune of Zot
 31269 | Shoals:4 | Noticed Ilsuiw
 31316 | Shoals:4 | Killed Ilsuiw
 31316 | Shoals:4 | Reached skill level 15 in Dodging
 31536 | Shoals:3 | Identified a scroll of acquirement
 31682 | Lair:6   | Upgraded the game from 0.18-a0-1797-gc18daef to 0.18-a0-1799-g6250cb2
 31899 | Vaults:1 | Entered Level 1 of the Vaults
 31915 | Vaults:1 | Paralysed by a great orb of eyes for 3 turns
 32680 | Vaults:1 | Reached skill level 15 in Stealth
 33024 | Vaults:1 | Reached XP level 20. HP: 104/125 MP: 20/20
 35418 | Vaults:3 | Paralysed by an ogre mage for 5 turns
 35429 | Vaults:3 | Reached XP level 21. HP: 71/130 MP: 21/21
 36173 | Vaults:3 | Reached skill level 15 in Long Blades
 36385 | Vaults:3 | Found a staircase to the Crypt.
 36385 | Vaults:3 | Found a basalt altar of Yredelemnul.
 36386 | Vaults:3 | Found an ancient bone altar of Kikubaaqudgha.
 36403 | Crypt:1  | Entered Level 1 of the Crypt
 37003 | Crypt:1  | Noticed Jory
 37064 | Crypt:1  | Killed Jory
 39162 | Crypt:3  | Entered Level 3 of the Crypt
 39218 | Crypt:3  | Reached XP level 22. HP: 118/135 MP: 22/22
 39706 | Crypt:3  | Noticed a bone dragon
 39740 | Crypt:3  | Killed a bone dragon
 40049 | Crypt:3  | Paralysed by a lich for 5 turns
 40212 | Crypt:3  | Noticed an ancient lich
 40443 | Crypt:3  | Killed an ancient lich
 40641 | Crypt:3  | Found a staircase to the Tomb.
 41094 | Crypt:3  | Found a shimmering altar of Xom.
 42374 | Vaults:4 | Reached XP level 23. HP: 113/141 MP: 23/23
 42848 | Vaults:4 | Found a sparkling altar of Nemelex Xobeh.
 43538 | Vaults:5 | Entered Level 5 of the Vaults
 44168 | Vaults:5 | Noticed a golden dragon
 44181 | Vaults:5 | Shot with a bolt by a vault warden

Vault maps used:
D:1:      minmay_arrival_stone_box, serial_bayou, serial_bayou_shore_b,
          serial_bayou_lagoon_a, serial_bayou_pond_b, serial_bayou_pond_b,
          hangedman_decor_push
D:2:      grunt_gozag_breadcrumbs, first_bread, uniq_jessica
D:3:      old_standard_altar, uniq_natasha, uniq_terence
D:5:      serial_shops, kennysheep_little_box, uniq_edmund
D:6:      lemuel_doored_altar, temple_pool_b, minmay_stone_trees_small
D:7:      lemuel_insect_pit, minitemple, uniq_crazy_yiuf_cottage, uniq_joseph
D:8:      grunt_temple_overflow_bloody_war, hangedman_ranch,
          nicolae_two_hexagons, minmay_misc_feat_square
D:9:      nicolae_overflow_hidden_temple
D:10:     dpeg_lair_monsters, due_unseen_surprise
D:11:     slaughterhouse, serial_shops, shop, elves_outpost_lemuel
D:12:     giant_chief_lemuel, erik_orc_1, gammafunk_pakellas_cloud_experiment,
          uniq_harold, uniq_azrael, uniq_nessos, uniq_frances
D:13:     david_vaults_2
D:14:     nicolae_ru_awakened_eye
D:15:     hangedman_depths_entry_civil_slaughter, nrook_mini_backslash
Temple:   minmay_temple_bridge_a_8
Lair:1:   cheibrodos_lair_reptile_den, grunt_megastairs_3,
          infiniplex_staircase_pool_2
Lair:3:   serial_bayou_shore_b, grunt_megastairs_4
Lair:4:   portal_ice_cave_entry_imps, patterned_corridor, uniq_sonja
Lair:5:   serial_bayou_lake_a, serial_bayou_shore_b, grunt_megastairs_1
Lair:6:   shoals_dummy_entry, minmay_snake_entry_six_corridors
Lair:7:   kennysheep_snail_temple, grunt_megastairs_5
Lair:8:   hangedman_lair_in_review, minmay_slime_entry_jelly_boxes,
          serial_forest, infiniplex_forest_join, infiniplex_forest_lined_1,
          infiniplex_forest_straight_1, infiniplex_forest_end_double,
          infiniplex_forest_end_double, infiniplex_forest_end_2, st_stairs_6,
          serial_bayou_shore_b
Shoals:4: shoals_end_hangedman, shoal_ilsuiw
Orc:1:    serial_shops, shop, uniq_maud
Orc:2:    st_orc_pillars, basic_altar, serial_shops, shop, mines2_lemuel
Elf:1:    hangedman_corner_corridor, einodemon_crawler_minivault
Vaults:1: vaults_mumra_chevron_long, nicolae_vaults_little_squares_2,
          nicolae_vaults_three_branches, grunt_vaults_funnel, v_misc_11,
          ontoclasm_vaults_fault, v_misc_11,
          vaults_standard_mumra_enter_the_diamond, v_misc_12, serial_ice_b,
          ontoclasm_vaults_pinch, st_squares
Vaults:2: v_alt_pattern_3, v_misc_5, v_misc_30, v_misc_15,
          nicolae_vaults_diagonal_hallway_8, nicolae_vaults_circle_grid_a,
          ontoclasm_vaults_chip, v_misc_1, vaults_room_ringed_pool,
          vaults_dpeg_hooks, nicolae_vaults_mini_display_case,
          vaults_room_pools, vaults_room_pool
Vaults:3: hangedman_vaults_nails, ontoclasm_vaults_ring_large,
          minmay_crypt_entry_necro_gods, vaults_mumra_hexcomb,
          hangedman_vaults_stream, vaults_standard_mumra_enter_the_diamond,
          hangedman_vaults_restitches, v_rooms_3, ontoclasm_vaults_misaligned,
          ontoclasm_vaults_ring_small
Vaults:4: ontoclasm_vaults_tryst, v_misc_3, nicolae_vaults_triangles,
          grunt_vaults_twisty, hangedman_vaults_corner_blocks,
          nicolae_vaults_what_the_h, v_misc_12, v_misc_12, v_misc_15,
          nicolae_vaults_murderbox, nicolae_vaults_circle_grid_a,
          vaults_room_pool, basic_altar
Crypt:1:  uniq_jory
Crypt:3:  cryptofortress_bobbens

Skill      XL: |  1  2  3  4  5  6  7  8  9 10 11 12 13 14 15 16 17 18 19 20 21 22 23 |
---------------+----------------------------------------------------------------------+-----
Short Blades   | 3 4 5 6 7 8 |  8.3
Armour         | 4 5 6 8 9 11 12 13 14 15 16 17 18 19 | 19.3
Shields        | 4 5 6 8 9 11 12 13 14 15 16 17 18 19 | 19.3
Dodging        | 1 2 4 6 7 9 10 12 13 14 15 16 17 18 | 18.5
Long Blades    | 2 4 5 8 9 10 11 13 14 15 16 | 16.9
Stealth        | 5 10 12 14 15 16 | 16.7
Fighting       | 7 |  7.4

Action                   |  1- 3 |  4- 6 |  7- 9 | 10-12 | 13-15 | 16-18 | 19-21 | 22-24 || total
-------------------------+-------+-------+-------+-------+-------+-------+-------+-------++-------
Melee: Rapier            |   134 |   246 |       |       |       |       |       |       ||   380
       Short sword       |       |    24 |   371 |    17 |       |       |       |       ||   412
       Dagger            |       |       |       |  1036 |  1470 |    49 |   106 |    44 ||  2705
       Katana            |       |       |       |       |   309 |  1316 |  1964 |  1339 ||  4928
Invok: Shadow Step       |       |       |       |       |     8 |    15 |    11 |     6 ||    40
 Abil: Evoke Flight      |       |       |       |       |       |     2 |       |       ||     2
Evoke: Wand              |       |       |       |       |     2 |     2 |     5 |     3 ||    12
  Use: Scroll            |       |     1 |     1 |     8 |     9 |    10 |     8 |     1 ||    38
       Potion            |       |       |     1 |     5 |     4 |     3 |     5 |     5 ||    23
 Stab: Sleeping          |       |       |       |     1 |    64 |    45 |    71 |    22 ||   203
       Invisible         |       |       |       |     1 |       |       |     8 |     3 ||    12
       Distracted        |       |       |       |       |    14 |    11 |     6 |     9 ||    40
  Eat: Chunk             |     1 |     6 |     7 |    17 |    30 |    29 |    18 |    10 ||   118
       Pizza             |       |       |     2 |     1 |       |     2 |     2 |       ||     7
       Fruit             |       |       |       |     2 |     1 |       |       |       ||     3
       Beef jerky        |       |       |       |     1 |       |       |     7 |     3 ||    11
       Bread ration      |       |       |       |       |       |       |       |     1 ||     1
Armor: Scale mail        |    41 |   102 |    97 |    93 |   130 |   130 |   238 |   144 ||   975
Dodge: Dodged            |    25 |    79 |   126 |   405 |   771 |   790 |  1135 |   574 ||  3905
Block: Shield            |    56 |   131 |   149 |   439 |   760 |   830 |  1435 |   808 ||  4608
       Reflection        |       |       |       |       |       |    10 |    36 |    32 ||    78
